[Event "POL-chT 2nd League-4 2020"]
[Site "Poronin"]
[Date "2020.09.12"]
[Round "8.2"]
[White "Laszewicz, Pawel"]
[Black "Smagalski, Slawomir"]
[Result "1/2-1/2"]
[ECO "C88"]
[WhiteElo "2150"]
[BlackElo "1940"]
[Annotator "NA"]
[PlyCount "69"]
[EventDate "2020.09.05"]
[EventType "team-tourn"]
[EventCountry "POL"]
[SourceTitle "playchess.com"]
[Source "ChessBase"]
[SourceQuality "1"]
[WhiteTeam "GIECEK Radkow"]
[BlackTeam "HETMAN Konin"]
[TimeControl "40/5400+30:900+30"]

1. e4 e5 2. Nf3 Nc6 3. Bb5 a6 4. Ba4 Nf6 5. O-O b5 6. Bb3 Be7 7. Re1 O-O 8. Nc3 d6 9. Nd5 Na5 10. d4 Nxb3 11. Nxe7+ Qxe7 12. axb3 h6 13. h3 Bb7 14. d5 Nh7 15. g4 c5 16. Be3 Ng5 17. Nxg5 $14 hxg5 18. Qd2 f6 19. Kg2 Kf7 20. Rh1 Rh8 21. f3 g6 22. Rh2 Rh7 23. Rah1 Rah8 24. Qa5 Qd8 25. Qe1 b4 26. c3 a5 27. c4 Kg7 28. Qa1 Bc8 29. Qa2 Kg8 30. Bf2 Qb6 31. Ra1 Ra7 32. Qb1 Bd7 33. Qc2 Be8 34. Rah1 Rah7 35. Ra1 1/2-1/2

[Event "POL-chT 2nd League-4 2020"]
[Site "Poronin"]
[Date "2020.09.12"]
[Round "8.3"]
[White "Papka, Sebastian"]
[Black "Machlowski, Slawomir"]
[Result "1-0"]
[ECO "A43"]
[WhiteElo "2139"]
[BlackElo "2098"]
[Annotator "NA"]
[PlyCount "79"]
[EventDate "2020.09.05"]
[EventType "team-tourn"]
[EventCountry "POL"]
[SourceTitle "playchess.com"]
[Source "ChessBase"]
[SourceQuality "1"]
[WhiteTeam "HETMAN Konin"]
[BlackTeam "GIECEK Radkow"]
[TimeControl "40/5400+30:900+30"]

1. d4 c5 2. d5 e6 3. c4 exd5 4. cxd5 d6 5. Nc3 Ne7 6. e4 Ng6 7. g3 Be7 8. Bg2 O-O 9. f4 Bf6 $14 10. Nge2 Bg4 11. O-O Re8 12. h3 Bxe2 13. Qxe2 Na6 14. e5 dxe5 15. f5 Nf8 16. Ne4 Qb6 17. d6 Nd7 18. Qg4 c4+ 19. Kh2 Nac5 20. Be3 Rac8 21. Bxc5 Rxc5 22. Nxc5 Qxc5 23. Qe4 b5 24. Rfd1 Rd8 25. a4 b4 26. a5 c3 27. bxc3 bxc3 28. Rd5 Qf2 29. Rc1 Bg5 30. Rxc3 Nf6 31. Qxe5 Nxd5 32. Qxd5 h5 33. Rf3 Qe1 34. h4 Bf6 35. Rf1 Qc3 36. Rf3 Qe1 37. Rb3 Kh7 38. Qxf7 Qxa5 39. Qxh5+ Kg8 40. Rd3 1-0

[Event "POL-chT 2nd League-4 2020"]
[Site "Poronin"]
[Date "2020.09.12"]
[Round "8.4"]
[White "Majocha, Piotr"]
[Black "Walaszczyk, Witold"]
[Result "1/2-1/2"]
[ECO "A11"]
[WhiteElo "2047"]
[BlackElo "2028"]
[Annotator "ChessBase"]
[PlyCount "123"]
[EventDate "2020.09.05"]
[EventType "team-tourn"]
[EventCountry "POL"]
[SourceTitle "playchess.com"]
[Source "ChessBase"]
[SourceQuality "1"]
[WhiteTeam "GIECEK Radkow"]
[BlackTeam "HETMAN Konin"]
[TimeControl "40/5400+30:900+30"]

1. c4 c6 2. Nf3 d5 3. e3 Nf6 4. Nc3 e6 5. d4 Bd6 6. Qc2 O-O 7. b3 Nbd7 8. Be2 b6 9. cxd5 exd5 10. O-O Bb7 11. Bd3 h6 12. Bb2 Rc8 13. Rac1 Re8 14. Qb1 Nf8 15. e4 Bf4 16. Rcd1 dxe4 17. Nxe4 Nd5 18. Nc3 Nxc3 19. Bxc3 Qf6 20. Qb2 Bb8 21. d5 Qf4 22. Bc4 cxd5 23. Bxd5 Bxd5 24. Rxd5 Ne6 25. Be5 Qe4 26. Rd2 Bxe5 27. Qxe5 Qxe5 28. Nxe5 Nf4 29. Nc4 Re2 30. Rxe2 Nxe2+ 31. Kh1 Nc3 32. a4 Nxa4 33. Nd6 Rd8 34. Nxf7 Kxf7 35. bxa4 Rd2 36. a5 b5 37. g3 Ra2 38. Rc1 Rxa5 39. Rc7+ Kf6 40. Kg2 Ra3 41. Rb7 a6 42. h4 h5 43. f3 Ra4 44. Kf2 b4 45. Ke3 a5 46. g4 hxg4 47. fxg4 b3 48. Rxb3 Rxg4 49. Rb6+ Kf7 50. Ra6 a4 51. h5 Rh4 52. Kf3 Ke7 53. h6 gxh6 54. Kg3 Re4 55. Rxh6 Re6 56. Rh7+ Kd6 57. Ra7 Re4 58. Kf3 Rh4 59. Ke3 Kc5 60. Kd3 Kb4 61. Kc2 Ka3 62. Kb1 1/2-1/2

[Event "POL-chT 2nd League-4 2020"]
[Site "Poronin"]
[Date "2020.09.12"]
[Round "8.5"]
[White "Swiatnicki, Andrzej"]
[Black "Szydelko, Michal"]
[Result "1-0"]
[ECO "D01"]
[WhiteElo "2004"]
[BlackElo "1877"]
[Annotator "ChessBase"]
[PlyCount "109"]
[EventDate "2020.09.05"]
[EventType "team-tourn"]
[EventCountry "POL"]
[SourceTitle "playchess.com"]
[Source "ChessBase"]
[SourceQuality "1"]
[WhiteTeam "HETMAN Konin"]
[BlackTeam "GIECEK Radkow"]
[TimeControl "40/5400+30:900+30"]

1. d4 d5 2. Nc3 Nf6 3. Bg5 Nbd7 4. Nf3 e6 5. e4 dxe4 6. Nxe4 Be7 7. Bxf6 Nxf6 8. Bd3 O-O 9. O-O b6 10. Nxf6+ Bxf6 11. Be4 Rb8 12. Qd3 h6 13. Rad1 Qe7 14. Ne5 Bxe5 15. dxe5 Bb7 16. Bxb7 Rxb7 17. Qe4 Rbb8 18. Rd4 Rbd8 19. Rfd1 Qb4 20. g3 Rxd4 21. Qxd4 Qxd4 22. Rxd4 Rc8 23. Kf1 Kf8 24. Ke2 Ke7 25. Rc4 Kd7 26. b4 c5 27. b5 Kc7 28. Rf4 Rf8 29. g4 f5 30. exf6 gxf6 31. h4 Kd6 32. g5 hxg5 33. hxg5 f5 34. Rh4 Rg8 35. f4 e5 36. Ke3 e4 37. c4 Rd8 38. Rh6+ Ke7 39. Rh7+ Ke6 40. Rxa7 Rd3+ 41. Ke2 Rf3 42. Rb7 Rxf4 43. Rxb6+ Ke5 44. Rc6 Kd4 45. Rd6+ Kxc4 46. b6 Rh4 47. b7 Rh8 48. Rb6 Rb8 49. a4 Kd4 50. a5 f4 51. a6 f3+ 52. Kf2 e3+ 53. Kxf3 Rf8+ 54. Ke2 Rf2+ 55. Ke1 1-0

[Event "POL-chT 2nd League-4 2020"]
[Site "Poronin"]
[Date "2020.09.12"]
[Round "8.6"]
[White "Trusz, Julia"]
[Black "Bukowska, Katarzyna"]
[Result "1/2-1/2"]
[ECO "E06"]
[WhiteElo "1675"]
[BlackElo "1887"]
[Annotator "NA"]
[PlyCount "113"]
[EventDate "2020.09.05"]
[EventType "team-tourn"]
[EventCountry "POL"]
[SourceTitle "playchess.com"]
[Source "ChessBase"]
[SourceQuality "1"]
[WhiteTeam "GIECEK Radkow"]
[BlackTeam "HETMAN Konin"]
[TimeControl "40/5400+30:900+30"]

1. d4 d5 2. c4 e6 3. Nf3 Nf6 4. g3 Be7 5. Bg2 O-O 6. Nc3 dxc4 7. Ne5 Nc6 8. Bxc6 bxc6 9. Nxc6 Qe8 10. Nxe7+ Qxe7 11. Qa4 Bb7 12. f3 e5 13. dxe5 Qxe5 14. Bf4 Qc5 15. Qb5 Qxb5 16. Nxb5 Nd5 17. Bd2 Rfe8 18. Kf2 a6 19. Na3 Nb6 20. Rac1 Bd5 21. Bf4 Re7 22. Rhd1 Be6 23. Rd2 f6 24. e4 Rb8 25. h4 h5 26. Kg2 Kf7 27. Rcc2 Rb7 28. Rd4 Rd7 29. Rxd7+ Nxd7 30. Bc1 Nb6 31. f4 f5 32. e5 Rb8 33. Kf2 Rd8 34. Be3 Rb8 35. Ke2 Na4 36. Nxc4 Bxc4+ 37. Rxc4 Rxb2+ 38. Kd3 Rxa2 39. Rxc7+ Kf8 40. e6 Ra3+ 41. Ke2 Nc3+ 42. Ke1 Ne4 43. Bd4 Rxg3 44. Rf7+ Ke8 45. Rxf5 Rg4 46. Rxh5 Rxf4 47. Bxg7 Ke7 48. Ra5 Kxe6 49. h5 Kf7 50. h6 Rh4 51. Rxa6 Ng5 52. Ra7+ Kg6 53. Ra5 Nf7 54. Ra6+ Kh7 55. Ra7 Kg6 56. Ra6+ Kh7 57. Ra7 1/2-1/2

[Event "POL-chT 2nd League-4 2020"]
[Site "Poronin"]
[Date "2020.09.12"]
[Round "8.8"]
[White "Ciasnocha, Michal"]
[Black "Kudas, Damian"]
[Result "1/2-1/2"]
[ECO "D30"]
[WhiteElo "1826"]
[BlackElo "2132"]
[Annotator "NA"]
[PlyCount "54"]
[EventDate "2020.09.05"]
[EventType "team-tourn"]
[EventCountry "POL"]
[SourceTitle "playchess.com"]
[Source "ChessBase"]
[SourceQuality "1"]
[WhiteTeam "Rzeszowski Klub Szachowy"]
[BlackTeam "MLKS Myslenice"]
[TimeControl "40/5400+30:900+30"]

1. d4 d5 2. c4 e6 3. Nf3 c6 4. e3 Nf6 5. Bd3 Nbd7 6. O-O Bd6 7. Nbd2 O-O 8. e4 dxe4 9. Nxe4 Be7 10. Re1 b6 11. Bf4 c5 12. Qe2 Bb7 $11 13. d5 exd5 14. Neg5 h6 15. Qxe7 hxg5 16. Nxg5 Qxe7 17. Rxe7 Rae8 18. Rae1 Rxe7 19. Rxe7 Re8 20. Rxe8+ Nxe8 21. cxd5 Bxd5 22. a3 Nef6 23. Bb5 Bb7 24. Bc4 Bd5 25. Bb5 Bb7 26. Bc4 Bd5 27. Bb5 Bb7 1/2-1/2

[Event "POL-chT 2nd League-4 2020"]
[Site "Poronin"]
[Date "2020.09.12"]
[Round "8.9"]
[White "Lach, Piotr"]
[Black "Ziemniak, Piotr"]
[Result "1/2-1/2"]
[ECO "A45"]
[WhiteElo "2079"]
[BlackElo "1741"]
[Annotator "NA"]
[PlyCount "107"]
[EventDate "2020.09.05"]
[EventType "team-tourn"]
[EventCountry "POL"]
[SourceTitle "playchess.com"]
[Source "ChessBase"]
[SourceQuality "1"]
[WhiteTeam "MLKS Myslenice"]
[BlackTeam "Rzeszowski Klub Szachowy"]
[TimeControl "40/5400+30:900+30"]

1. d4 Nf6 2. Nc3 c5 3. d5 d6 4. Nf3 g6 5. e4 Bg7 6. Be2 e5 7. O-O O-O 8. Nd2 Ne8 9. Nc4 {[%emt 0:04:46] A43: Schmid Benoni.} f5 10. exf5 gxf5 11. f4 e4 {[%emt 0:04:40] [#]} 12. Be3 $146 ({Predecessor:} 12. g4 Nd7 13. g5 Bxc3 14. bxc3 b5 15. Ne3 c4 16. a4 Ba6 17. a5 Nc5 18. Ba3 {½-½ (32) Ianovsky,M (2110)-Filgueira,H (2379) Villa Ballester 2004}) 12... Nd7 13. a4 Nb6 14. a5 Nxc4 15. Bxc4 Bd7 16. Ra2 Qh4 17. Qe1 Qh5 18. Be2 Qf7 19. Qd1 Nf6 20. g3 h5 21. h4 Kh7 22. Kf2 Rg8 23. Rg1 Ng4+ 24. Bxg4 hxg4 25. Nb1 Bf6 26. Rh1 Qg7 $17 27. c3 Bb5 28. Nd2 Bd3 29. Qb3 Rgc8 30. Nc4 Rd8 31. Bd2 Qe7 32. Ne3 Qd7 33. Qa4 Qc8 34. b4 c4 35. Raa1 Rf8 36. Qb5 Bd8 37. Qa4 a6 38. Qa2 b5 39. Rh2 Qb7 40. Re1 Bc7 41. Kg1 Rae8 42. Qb2 Bb8 43. Bc1 Ba7 44. Qf2 Re7 45. Bd2 Rg7 46. Rg2 Qf7 47. Rh2 Re8 48. Rg2 Qf6 49. Rh2 Rge7 50. Kg2 Qf7 51. Kg1 Bc2 52. Bc1 Bb3 53. Qd2 Qf6 54. Kf1 1/2-1/2

[Event "POL-chT 2nd League-4 2020"]
[Site "Poronin"]
[Date "2020.09.12"]
[Round "8.10"]
[White "Babiarz, Arkadiusz"]
[Black "Watorek, Marcin"]
[Result "1-0"]
[ECO "B22"]
[WhiteElo "1872"]
[BlackElo "2100"]
[Annotator "ChessBase"]
[PlyCount "121"]
[EventDate "2020.09.05"]
[EventType "team-tourn"]
[EventCountry "POL"]
[SourceTitle "playchess.com"]
[Source "ChessBase"]
[SourceQuality "1"]
[WhiteTeam "Rzeszowski Klub Szachowy"]
[BlackTeam "MLKS Myslenice"]
[TimeControl "40/5400+30:900+30"]

1. e4 c5 2. c3 e6 3. d4 d5 4. exd5 exd5 5. Bb5+ Nc6 6. Nf3 Bd6 7. O-O Nge7 8. dxc5 Bxc5 9. Nbd2 O-O 10. Nb3 Bd6 11. Re1 Bg4 12. h3 Bh5 13. Bd3 Bg6 14. Bg5 Qc7 15. Nbd4 a6 16. Bxg6 hxg6 17. Qd3 Rfe8 18. Re2 Nxd4 19. Nxd4 Nc6 20. Rae1 Qd7 21. Nf3 Rxe2 22. Rxe2 Ne7 23. Bxe7 Bxe7 24. c4 d4 25. Qxd4 Qxd4 26. Nxd4 Bf6 27. Nf3 Rd8 28. b3 Kf8 29. Kf1 Bc3 30. Rc2 Bb4 31. Ke2 f6 32. Ke3 Re8+ 33. Kd4 Rd8+ 34. Ke4 Re8+ 35. Kd3 Rd8+ 36. Ke2 Re8+ 37. Kf1 Rd8 38. Rc1 a5 39. c5 a4 40. Rc4 axb3 41. axb3 Ba3 42. Ke2 Ke7 43. Re4+ Kd7 44. Rd4+ Kc7 45. Rxd8 Kxd8 46. Nh4 Bxc5 47. Nxg6 Kd7 48. f4 Ke6 49. g4 f5 50. g5 Bd6 51. h4 Kf7 52. h5 Bc7 53. Kd3 Bb6 54. Kc4 Ba5 55. Kd5 Bc3 56. Kd6 b5 57. Ne5+ Kf8 58. Ke6 Bd2 59. Ng6+ Kg8 60. Kxf5 Kf7 61. Ne5+ 1-0

[Event "POL-chT 2nd League-4 2020"]
[Site "Poronin"]
[Date "2020.09.12"]
[Round "8.11"]
[White "Chrzaszcz, Malvina"]
[Black "Ziemniak, Grzegorz"]
[Result "1/2-1/2"]
[ECO "B07"]
[WhiteElo "2047"]
[BlackElo "1693"]
[Annotator "NA"]
[PlyCount "78"]
[EventDate "2020.09.05"]
[EventType "team-tourn"]
[EventCountry "POL"]
[SourceTitle "playchess.com"]
[Source "ChessBase"]
[SourceQuality "1"]
[WhiteTeam "MLKS Myslenice"]
[BlackTeam "Rzeszowski Klub Szachowy"]
[WhiteTeamCountry "POL"]
[TimeControl "40/5400+30:900+30"]

1. e4 d6 2. d4 Nf6 3. Nc3 Nbd7 4. Be3 e5 5. f3 Be7 6. Qd2 c6 7. O-O-O b5 8. g4 Nb6 9. h4 b4 10. Nb1 Be6 11. Qh2 Qc7 12. g5 Nfd7 13. f4 Bxa2 14. Nf3 Na4 15. dxe5 dxe5 16. Bh3 Rd8 17. h5 Bxb1 18. Bxd7+ Rxd7 19. Rxd7 Qxd7 20. Nxe5 Qb7 21. Kxb1 O-O 22. g6 Nc3+ 23. Kc1 Rd8 24. gxf7+ Kf8 25. Nd3 Qa6 26. h6 g6 27. f5 Rxd3 28. cxd3 Qxd3 29. bxc3 Qxe3+ 30. Qd2 Qg3 31. fxg6 Bg5 32. g7+ Kxf7 33. Rf1+ Ke7 34. g8=N+ Ke8 35. Nf6+ Ke7 36. Ng8+ Ke8 37. Nf6+ Ke7 38. Ng8+ Ke6 39. Rf6+ Bxf6 1/2-1/2

[Event "POL-chT 2nd League-4 2020"]
[Site "Poronin"]
[Date "2020.09.12"]
[Round "8.12"]
[White "Polak, Sylwia"]
[Black "Leszczynska, Malgorzata"]
[Result "0-1"]
[ECO "D48"]
[WhiteElo "1590"]
[BlackElo "1990"]
[Annotator "NA"]
[PlyCount "46"]
[EventDate "2020.09.05"]
[EventType "team-tourn"]
[EventCountry "POL"]
[SourceTitle "playchess.com"]
[Source "ChessBase"]
[SourceQuality "1"]
[WhiteTeam "Rzeszowski Klub Szachowy"]
[BlackTeam "MLKS Myslenice"]
[TimeControl "40/5400+30:900+30"]

1. d4 e6 2. c4 d5 3. Nc3 c6 4. Nf3 Nf6 5. e3 Nbd7 6. Bd3 dxc4 7. Bxc4 b5 8. Bd3 a6 9. e4 c5 10. d5 exd5 11. e5 Ng4 12. Bg5 Be7 13. Bxe7 Qxe7 14. Nxd5 Qd8 15. O-O O-O 16. Re1 Re8 17. h3 Ngxe5 18. Nxe5 Nxe5 19. Bxh7+ Kxh7 20. Qh5+ Kg8 21. Rxe5 Bb7 22. Rae1 Rxe5 23. Qxe5 Qxd5 0-1

[Event "POL-chT 2nd League-4 2020"]
[Site "Poronin"]
[Date "2020.09.12"]
[Round "8.13"]
[White "Swiech, Przemyslaw"]
[Black "Kaminski, Piotr"]
[Result "1-0"]
[ECO "D43"]
[WhiteElo "2180"]
[BlackElo "2099"]
[Annotator "ChessBase"]
[PlyCount "69"]
[EventDate "2020.09.05"]
[EventType "team-tourn"]
[EventCountry "POL"]
[SourceTitle "playchess.com"]
[Source "ChessBase"]
[SourceQuality "1"]
[WhiteTeam "Goniec Staniatki"]
[BlackTeam "ROSZADA Zory"]
[WhiteTeamCountry "POL"]
[TimeControl "40/5400+30:900+30"]

1. d4 d5 2. c4 c6 3. Nc3 Nf6 4. Nf3 e6 5. g3 Nbd7 6. cxd5 exd5 7. Bg2 Bd6 8. Bf4 Bxf4 9. gxf4 Nh5 10. e3 O-O 11. Ne5 Qh4 12. O-O Nxe5 13. fxe5 Bh3 14. f4 Bxg2 15. Kxg2 Rae8 16. Qf3 Re6 17. f5 Rh6 18. h3 Qe7 19. e4 Qg5+ 20. Kh2 Qd2+ 21. Qf2 Qxf2+ 22. Rxf2 dxe4 23. Nxe4 f6 24. e6 Rd8 25. Re1 Kf8 26. e7+ Kxe7 27. Ng5+ Kd7 28. Nf7 Rf8 29. Nxh6 gxh6 30. d5 cxd5 31. Rd1 Kd6 32. Rfd2 Ke5 33. Rxd5+ Ke4 34. R1d4+ Ke3 35. Rd8 1-0

[Event "POL-chT 2nd League-4 2020"]
[Site "Poronin"]
[Date "2020.09.12"]
[Round "8.14"]
[White "Szmyd, Arkadiusz"]
[Black "Bednarczyk, Damian"]
[Result "0-1"]
[ECO "B37"]
[WhiteElo "2104"]
[BlackElo "2258"]
[Annotator "ChessBase"]
[PlyCount "72"]
[EventDate "2020.09.05"]
[EventType "team-tourn"]
[EventCountry "POL"]
[SourceTitle "playchess.com"]
[Source "ChessBase"]
[SourceQuality "1"]
[WhiteTeam "ROSZADA Zory"]
[BlackTeam "Goniec Staniatki"]
[TimeControl "40/5400+30:900+30"]

1. e4 c5 2. Nf3 Nc6 3. d4 cxd4 4. Nxd4 g6 5. c4 Bg7 6. Nc2 Nf6 7. Nc3 O-O 8. Be2 a5 9. O-O a4 10. Rb1 d6 11. Kh1 Nd7 12. Bd2 Nc5 13. f3 f5 14. b4 axb3 15. axb3 fxe4 16. Nxe4 Nxe4 17. fxe4 Rxf1+ 18. Bxf1 Ra2 19. b4 Be6 20. Ne3 Qf8 21. Nd5 Ne5 22. Be3 Ng4 23. Qb3 Rf2 24. Bxf2 Nxf2+ 25. Kg1 Bd4 26. Be2 Nxe4+ 27. Kh1 Nf2+ 28. Kg1 Nh3+ 29. Kh1 Qf2 30. Qf3 Bg4 31. Nxe7+ Kg7 32. Qxf2 Nxf2+ 33. Kg1 Bxe2 34. Nc8 Bxc4 35. b5 Be6 36. Na7 Ne4+ 0-1

[Event "POL-chT 2nd League-4 2020"]
[Site "Poronin"]
[Date "2020.09.12"]
[Round "8.15"]
[White "Mirski, Michal"]
[Black "Zawierucha, Aleksander"]
[Result "1-0"]
[ECO "B03"]
[WhiteElo "2032"]
[BlackElo "1899"]
[Annotator "ChessBase"]
[PlyCount "55"]
[EventDate "2020.09.05"]
[EventType "team-tourn"]
[EventCountry "POL"]
[SourceTitle "playchess.com"]
[Source "ChessBase"]
[SourceQuality "1"]
[WhiteTeam "Goniec Staniatki"]
[BlackTeam "ROSZADA Zory"]
[TimeControl "40/5400+30:900+30"]

1. e4 Nf6 2. e5 Nd5 3. d4 d6 4. c4 Nb6 5. f4 dxe5 6. fxe5 c5 7. d5 e6 8. Nc3 exd5 9. cxd5 c4 10. Be2 Bb4 11. Bf3 Na6 12. Nge2 Nc5 13. Nf4 O-O 14. O-O Bf5 15. d6 Bxc3 16. bxc3 Qd7 17. Ba3 Nd3 18. Nxd3 Bxd3 19. Re1 Rfe8 20. Qd2 Rab8 21. Qf4 Qb5 22. Qd4 Nd7 23. Bd5 Nb6 24. Bxf7+ Kxf7 25. e6+ Rxe6 26. Rxe6 Kxe6 27. Re1+ Kd7 28. Qxg7+ 1-0

[Event "POL-chT 2nd League-4 2020"]
[Site "Poronin"]
[Date "2020.09.12"]
[Round "8.16"]
[White "Ociepka, Tomasz"]
[Black "Lapczynski, Artur"]
[Result "0-1"]
[ECO "B32"]
[WhiteElo "1888"]
[BlackElo "2059"]
[Annotator "NA"]
[PlyCount "90"]
[EventDate "2020.09.05"]
[EventType "team-tourn"]
[EventCountry "POL"]
[SourceTitle "playchess.com"]
[Source "ChessBase"]
[SourceQuality "1"]
[WhiteTeam "ROSZADA Zory"]
[BlackTeam "Goniec Staniatki"]
[BlackTeamCountry "POL"]
[TimeControl "40/5400+30:900+30"]

1. e4 c5 2. Nf3 Nc6 3. d4 cxd4 4. Nxd4 e5 5. Nb5 d6 6. N1c3 a6 7. Na3 b5 8. Nd5 Nce7 9. c4 Nxd5 10. cxd5 f5 11. exf5 Bxf5 12. Bd3 Qd7 13. Nc2 Nf6 14. a4 Bxd3 15. Qxd3 bxa4 16. Nb4 Qb5 17. Qxb5+ axb5 18. b3 Kd7 19. Be3 Be7 20. bxa4 Rxa4 21. Rb1 Bd8 22. O-O Ba5 23. Nc2 Rc8 24. Rb2 Nxd5 25. Rxb5 Ke6 26. Rb2 Rac4 27. Na3 Nxe3 28. fxe3 Rc3 29. Nb5 Rxe3 30. Rd1 d5 31. Na7 Rc7 32. Nb5 Rc5 33. h3 Re1+ 34. Rxe1 Bxe1 35. Kh2 h5 36. g3 Bc3 37. Rb3 d4 38. Kg2 Kd5 39. Na3 d3 40. Kf3 e4+ 41. Ke3 Bd4+ 42. Kd2 Be5 43. g4 Bf4+ 44. Ke1 Rc1+ 45. Kf2 d2 0-1

[Event "POL-chT 2nd League-4 2020"]
[Site "Poronin"]
[Date "2020.09.12"]
[Round "8.17"]
[White "Rainer, Piotr"]
[Black "Boruta, Dawid"]
[Result "0-1"]
[ECO "B13"]
[WhiteElo "1641"]
[BlackElo "1822"]
[Annotator "NA"]
[PlyCount "114"]
[EventDate "2020.09.05"]
[EventType "team-tourn"]
[EventCountry "POL"]
[SourceTitle "playchess.com"]
[Source "ChessBase"]
[SourceQuality "1"]
[WhiteTeam "Goniec Staniatki"]
[BlackTeam "ROSZADA Zory"]
[TimeControl "40/5400+30:900+30"]

1. e4 c6 2. d4 d5 3. exd5 cxd5 4. Nf3 Nc6 5. c3 Qc7 6. Be2 {[%emt 0:04:27] B13: Caro-Kann: Exchange Variation and Panov-Botvinnik Attack.} Bf5 7. O-O e6 {[%emt 0:11:06] [#]} 8. Ne5 $146 ({Predecessor:} 8. Nbd2 Bd6 9. Re1 Nf6 10. Nf1 O-O 11. Nh4 Be4 12. Bd3 Bxd3 13. Qxd3 Ne4 14. g3 {0-1 (47) Chan,K (2191)-Dale,A (2371) Melbourne 2018}) 8... Bd6 9. f4 Nf6 10. Nd2 h6 11. Ndf3 O-O 12. h3 Ne4 13. Bd3 f6 14. Nxc6 bxc6 15. Nh4 Bh7 16. Bxe4 Bxe4 17. f5 Bh2+ 18. Kh1 Bd6 19. fxe6 f5 20. Qh5 f4 21. Bd2 Rf6 22. Rae1 Qe7 23. Qg4 Kh7 24. Rxe4 dxe4 25. Nf5 Qf8 26. Nxd6 Qxd6 27. Bxf4 Qxe6 28. Qxe6 Rxe6 29. Be5 Kg6 30. Rf4 Rd8 31. Rxe4 Rd7 32. Kh2 Rf7 33. Kg3 Kh7 34. Rf4 Kg8 35. Rxf7 Kxf7 36. Kf4 g6 37. b4 Re7 38. a4 a6 39. Ke4 Ke6 40. c4 Rb7 41. d5+ cxd5+ 42. cxd5+ Kd7 43. Bc3 Kd6 44. Kd4 Rf7 45. Bd2 g5 46. b5 axb5 47. axb5 Rf2 48. Bb4+ Kc7 49. d6+ Kb6 50. Ke5 Rxg2 51. Ke6 Re2+ 52. Kf6 Re3 53. Kg6 $19 (53. Bd2 Rd3 54. Be1) 53... Rxh3 54. d7 Kc7 55. b6+ Kxd7 56. Bf8 Kc6 57. Bxh6 Rxh6+ 0-1

[Event "POL-chT 2nd League-4 2020"]
[Site "Poronin"]
[Date "2020.09.12"]
[Round "8.18"]
[White "Swiech, Joanna"]
[Black "Gaczol, Julia"]
[Result "1-0"]
[ECO "D60"]
[WhiteElo "1910"]
[BlackElo "1330"]
[Annotator "ChessBase"]
[PlyCount "113"]
[EventDate "2020.09.05"]
[EventType "team-tourn"]
[EventCountry "POL"]
[SourceTitle "playchess.com"]
[Source "ChessBase"]
[SourceQuality "1"]
[WhiteTeam "ROSZADA Zory"]
[BlackTeam "Goniec Staniatki"]
[BlackTeamCountry "POL"]
[TimeControl "40/5400+30:900+30"]

1. d4 d5 2. c4 e6 3. Nc3 Nf6 4. Bg5 Be7 5. e3 O-O 6. Nf3 Nbd7 7. Bd3 c5 8. cxd5 exd5 9. Rc1 b6 10. O-O Bb7 11. Bb1 Ne4 12. Bxe7 Qxe7 13. dxc5 Nxc3 14. Rxc3 bxc5 15. Bf5 Nf6 16. Qc2 Ne4 17. Bxe4 dxe4 18. Nd2 Ba6 19. Rc1 Bd3 20. Qa4 Rab8 21. Qa3 Qb7 22. Rb3 Qa6 23. Qxa6 Bxa6 24. Nxe4 c4 25. Ra3 Rb6 26. Nc5 Bc8 27. Rxc4 Rxb2 28. h3 a6 29. Rd4 Be6 30. Nxe6 fxe6 31. f3 Rc8 32. Rxa6 Rc1+ 33. Kh2 h5 34. Rxe6 Kf7 35. Re5 g6 36. Rg5 Rc3 37. h4 Rxe3 38. Rd7+ Ke6 39. Ra7 Rxf3 40. Rxg6+ Kd5 41. Rg5+ Kc4 42. Rxh5 Rf6 43. Rg5 Rbb6 44. a4 Rbd6 45. a5 Rh6 46. h5 Kd4 47. Kg3 Ke3 48. Re7+ Kd3 49. Kh4 Rd4+ 50. g4 Rdd6 51. Rf5 Rd4 52. Ref7 Ke3 53. R5f6 Rh8 54. a6 Rg8 55. Rf3+ Ke2 56. R3f4 Rd1 57. Re7+ 1-0

[Event "POL-chT 2nd League-4 2020"]
[Site "Poronin"]
[Date "2020.09.12"]
[Round "8.20"]
[White "Mrozowski, Patryk"]
[Black "Daniel, Damian"]
[Result "1/2-1/2"]
[ECO "B12"]
[WhiteElo "2062"]
[BlackElo "2176"]
[Annotator "NA"]
[PlyCount "40"]
[EventDate "2020.09.05"]
[EventType "team-tourn"]
[EventCountry "POL"]
[SourceTitle "playchess.com"]
[Source "ChessBase"]
[SourceQuality "1"]
[WhiteTeam "Ustrzyki Dolne"]
[BlackTeam "Goniec Zarow"]
[TimeControl "40/5400+30:900+30"]

1. e4 c6 2. d4 d5 3. e5 c5 4. dxc5 e6 5. Nf3 Bxc5 6. a3 Ne7 7. Bd3 Ng6 8. O-O Nc6 9. b4 Bb6 10. Bb2 a6 11. c4 dxc4 12. Bxc4 Qxd1 13. Rxd1 Bc7 14. Re1 Ke7 15. h4 Rd8 16. Bf1 f6 17. exf6+ gxf6 18. Nc3 e5 19. g3 Be6 20. Rac1 Nf8 1/2-1/2

[Event "POL-chT 2nd League-4 2020"]
[Site "Poronin"]
[Date "2020.09.12"]
[Round "8.21"]
[White "Stankiewicz, Pawel"]
[Black "Pasionek, Ariel"]
[Result "1-0"]
[ECO "A05"]
[WhiteElo "2111"]
[BlackElo "1894"]
[Annotator "ChessBase"]
[PlyCount "74"]
[EventDate "2020.09.05"]
[EventType "team-tourn"]
[EventCountry "POL"]
[SourceTitle "playchess.com"]
[Source "ChessBase"]
[SourceQuality "1"]
[WhiteTeam "Goniec Zarow"]
[BlackTeam "Ustrzyki Dolne"]
[TimeControl "40/5400+30:900+30"]

1. Nf3 Nf6 2. g3 g6 3. Bg2 Bg7 4. O-O O-O 5. d3 d6 6. c4 c6 7. Nc3 Qc7 8. Rb1 Bg4 9. h3 Bxf3 10. Bxf3 Nbd7 11. d4 e5 12. b3 Ne8 13. dxe5 dxe5 14. Ba3 f5 15. Bxf8 Nxf8 16. e4 f4 17. Qc2 Ne6 18. Ne2 Ng5 19. Kg2 Nf6 20. Ng1 Rf8 21. c5 h5 22. Qc4+ Kh8 23. Rbd1 Qc8 24. h4 Ne6 25. Nh3 Ng4 26. Bxg4 hxg4 27. Ng5 f3+ 28. Kh2 Nd4 29. Nf7+ Kh7 30. Ng5+ Kh8 31. Rxd4 exd4 32. Ne6 Re8 33. Nxg7 Kxg7 34. Qxd4+ Kf7 35. Re1 g5 36. e5 Qf5 37. e6+ Kf8 1-0